 Dungeon Crawl Stone Soup version 0.31-a0-569-g7ea453304b (webtiles) character file.

Game seed: 6116599610762374762

42 AdnanSaban the Trooper (level 3, -5/24 HPs)
             Began as a Gargoyle Fighter on Aug 18, 2023.
             Killed from afar by Sigmund (6 damage)
             ... with a magic dart
             ... on level 2 of the Dungeon.
             The game lasted 00:01:00 (963 turns).

AdnanSaban the Trooper (Gargoyle Fighter)            Turns: 963, Time: 00:01:01

Health: -5/24      AC: 11    Str: 21    XL:     3   Next: 56%
Magic:  3/3        EV:  9    Int:  8    God:
Gold:   86         SH:  4    Dex:  9    Spells: 2/2 levels left

rFire   . . .        a - +0 flail
rCold   . . .        c - +0 buckler
rNeg    + . .        b - +0 scale mail
rPois   ∞            (no helmet)
rElec   +            (no cloak)
rCorr   .            h - +0 pair of gloves
SInv    .            (no boots)
Will    .....        (no amulet) Stlth
                     (no ring)
HPRegen 0.24/turn    (no ring)
MPRegen 0.08/turn

%: no passive effects
@: no status effects
A: sickness immunity, AC +3, negative energy resistance 1, electricity
resistance, torment resistance 1, petrification resistance
a: no special abilities


You were on level 2 of the Dungeon.
You visited 1 branch of the dungeon, and saw 2 of its levels.

You collected 86 gold pieces.

Inventory:

Hand Weapons
 a - a +0 flail (weapon)
Missiles
 p - 3 poisoned darts
Armour
 b - a +0 scale mail (worn)
 c - a +0 buckler (worn)
 h - a +0 pair of gloves (worn)
Jewellery
 j - an amulet of faith
 m - a ring of fire
 o - a ring of flight
Scrolls
 e - a scroll of fog {unknown}
 k - a scroll of enchant weapon {unknown}
Potions
 d - a potion of might
 f - 3 potions of curing {unknown}
 g - a potion of brilliance {unknown}
 i - 2 potions of heal wounds {unknown}
 l - a potion of resistance {unknown}
 n - a potion of berserk rage {unknown}


   Skills:
 + Level 3.7 Fighting
 + Level 2.8 Maces & Flails
 + Level 3.5 Armour
 + Level 0.1 Dodging
 + Level 3.6 Shields


You had 2 spell levels left.
You didn't know any spells.
Your spell library contained the following spells:

 Spells                   Type           Power      Damage    Failure   Level
 Freeze                   Ice            0%         1d3       82%         1
 Frozen Ramparts          Ice            0%         1d1       99%         3
 Hailstorm                Conj/Ice       0%         3d3       99%         3


Dungeon Overview and Level Annotations

Branches:
Dungeon (2/15)

Altars:

Annotations:
D:2 Sigmund


Innate Abilities, Weirdness & Mutations

You are immune to sickness and miasma.
Your stone body is resilient. (AC +3)
You are immune to poison.
You resist negative energy. (rN+)
You are resistant to electric shocks. (rElec)
You are resistant to unholy torment.
You are immune to petrification.


Message History

The goblin shouts!
The endoplasm completely misses you. Sigmund gestures at you while chanting.
The puff of flame hits you.
You barely miss Sigmund.
Sigmund is moderately wounded.
The endoplasm freezes you.
You are frozen.
Sigmund hits you but does no damage. The endoplasm barely misses you.
You closely miss Sigmund.
Sigmund is moderately wounded.
You block Sigmund's attack. The endoplasm freezes you.
You are frozen.
You completely miss Sigmund.
Sigmund is moderately wounded.
The bat closely misses you. The endoplasm hits you. Sigmund barely misses you.
You hit Sigmund.
Sigmund is heavily wounded.
The bat closely misses you. The endoplasm hits you.
* * * LOW HITPOINT WARNING * * *
Sigmund hits you with a +0 scythe.
* * * LOW HITPOINT WARNING * * *
You closely miss Sigmund.
Sigmund is heavily wounded.
The bat hits you.
* * * LOW HITPOINT WARNING * * *
The endoplasm closely misses you. Sigmund hits you but does no damage.
The endoplasm hits you.
* * * LOW HITPOINT WARNING * * *
You block the goblin's attack.
You barely miss Sigmund.
Sigmund is heavily wounded.
The endoplasm freezes you.
You are frozen.
* * * LOW HITPOINT WARNING * * *
The goblin closely misses you. Sigmund casts a spell at you.
The magic dart hits you.
You die...

...............
................
.................
#.................
#................. ##
##................. ..
...........J@...... ..
###.........@gb.....
.. ...........##......
.. #..........# .####
.. ##.##.......# #.#
#.. ..........### #.
#.# ###...†#..####.
..##.##......#....#.
.........#.#.####.#.##
......## #...# #.#..##


You could see Sigmund, an endoplasm, a goblin and a bat.

Vanquished Creatures
  4 ball pythons
  5 endoplasms
  4 giant cockroaches
  4 hobgoblins
  3 kobolds
  A quokka (D:1)
  5 bats
  4 frilled lizards
  5 goblins
35 creatures vanquished.

Notes
Turn   | Place    | Note
-------+----------+-------------------------------------------
     0 | D:1      | AdnanSaban the Gargoyle Fighter began the quest for the
                  | Orb.
     0 | D:1      | Reached XP level 1. HP: 14/14 MP: 1/1
   128 | D:1      | Reached XP level 2. HP: 15/19 MP: 2/2
   708 | D:1      | Reached XP level 3. HP: 24/24 MP: 3/3
   951 | D:2      | Noticed Sigmund
   963 | D:2      | HP: 1/24 [frozen (2)]
   963 | D:2      | Killed from afar by Sigmund

Illustrated notes

Levels and vault maps discovered:
D:1:      lightli_arrival_lavapool, layout_basic
D:2:      layout_rooms, serial_shops, nicolae_shop_hallway_plus,
          kennysheep_boxes, uniq_sigmund

Action                     || total
---------------------------++-------
  Melee: Flail             ||   104
 Armour: Scale mail        ||    62
  Dodge: Dodged            ||    59
  Block: Buckler           ||    20

Table legend: (Time is in decaauts)
 A = Elapsed time spent in this place.
 B = Non-inter-level travel time spent in this place.
 C = Inter-level travel time spent in this place.
 D = Time resting spent in this place.
 E = Time spent auto-exploring this place.
 F = Levels seen in this place.
 G = Mean time per level.
                   A        B        C        D        E       F      G
               +--------+--------+--------+--------+--------+-----+--------+
         Total |   1003 |    995 |      8 |      0 |    753 |   2 |  501.5 |
       Dungeon |   1003 |    995 |      8 |      0 |    753 |   2 |  501.5 |
               +--------+--------+--------+--------+--------+-----+--------+

Top non-repeatable levels by time:
     D:1: 766 daAuts
     D:2: 237 daAuts
